Ice Hogs vs Phantoms

Created - Tuesday, January 27, 2015 at 23:51

Goals
1 2 3 T
Ice Hogs 2 1 4 7
Phantoms 0 1 0 1
Shots
1 2 3 T
Ice Hogs 12 4 6 22
Phantoms 8 10 9 27

1st period

1. Ice Hogs , Michael Bournival 3 (Jason Garrison) at 8:47
2. Ice Hogs , Travis Morin 26 (Michael Bournival) at 10:25

Penalties :
Garnet Exelby (ADR) for Tripping (Minor) at 11:11

2nd period

3. Ice Hogs , Roman Horak 11 (Casey Wellman, Brandon Gormley) at 10:09
4. Phantoms , Garrett Wilson 10 (Bryan Lerg) at 14:20 (PP)

Penalties :
Derek Roy (RIH) for Hooking (Minor) at 13:32, Dmitrij Jaskin (ADR) for Roughing (Minor) at 16:51

3rd period

5. Ice Hogs , Tanner Pearson 11 (Brandon Pirri) at 0:45
6. Ice Hogs , Tanner Pearson 12 (Brandon Pirri, J.T. Miller) at 3:00
7. Ice Hogs , Tanner Pearson 13 (Zach Redmond, Brandon Pirri) at 7:50
8. Ice Hogs , J.T. Miller 12 (Brandon Pirri, Tanner Pearson) at 12:27

Penalties :
Randy Jones (ADR) for Fighting (Major) at 0:09, Zach Redmond (RIH) for Fighting (Major) at 0:09, Travis Morin (RIH) for Holding (Minor) at 9:42

Goalie Stats

Scott Darling (RIH), 26 saves from 27 shots - (0.963), W, 44-2-6, 60:00 minutes
Marek Mazanec (ADR), 2 saves from 5 shots - (0.400), 19:15 minutes
Laurent Brossoit (ADR), 13 saves from 17 shots - (0.765), L, 0-2-1, 40:45 minutes

Players Stats for Ice Hogs

Player Name              G  A  P  +/- PIM S  H  SB GA TA FO     MP     PP MP  PK MP  
------------------------------------------------------------------------------------
Brandon Gormley          0  1  1   3  0   0  2  0  0  0  0/0    28:10   1:47   0:32 
Brandon Pirri            0  4  4   4  0   1  1  1  3  1  5/9    19:11   1:49   0:00 
Casey Wellman            0  1  1   1  0   2  1  1  0  0  1/1    17:31   2:09   1:04 
Chay Genoway             0  0  0   1  0   0  0  0  0  0  0/0     3:29   0:00   0:00 
Derek Roy                0  0  0   0  2   0  1  0  1  0  6/17   22:00   2:09   0:34 
Dustin Jeffrey           0  0  0   1  0   0  0  0  0  0  1/1    15:23   0:00   0:11 
J.T. Miller              1  1  2   4  0   3  4  0  2  0  0/0    19:11   1:49   0:00 
Jason Garrison           0  1  1   6  0   3  3  1  1  0  0/0    27:06   1:49   0:32 
Jean-Philippe Cote       0  0  0   2  0   2  1  0  0  0  0/0    26:18   1:54   2:15 
Mathieu Brodeur          0  0  0   1  0   0  0  0  1  0  0/0    10:06   0:22   0:00 
Michael Bournival        1  1  2   2  0   2  0  2  2  0  0/0    13:00   0:00   0:00 
Oscar Lindberg           0  0  0   0  0   0  0  0  0  0  0/0     0:00   0:00   0:00 
Riley Sheahan            0  0  0   0  0   0  0  0  0  0  0/0     0:26   0:00   0:00 
Roman Horak              1  0  1   3  0   3  3  0  1  2  0/0    21:36   0:00   1:06 
Seth Griffith            0  0  0   0  0   0  3  1  0  0  2/2    12:15   0:00   2:02 
Tanner Pearson           3  1  4   4  0   3  3  0  2  0  0/0    19:11   1:49   0:00 
Travis Morin             1  0  1   2  2   3  2  0  3  0  3/7    17:27   2:09   0:37 
Zach Redmond             0  1  1   1  5   0  2  0  0  2  0/0    24:50   2:04   2:15 

Players Stats for Phantoms

Player Name              G  A  P  +/- PIM S  H  SB GA TA FO     MP     PP MP  PK MP  
------------------------------------------------------------------------------------
Adam Lowry               0  0  0  -2  0   7  0  0  1  0  10/14  16:54   1:29   2:39 
Bryan Lerg               0  1  1  -2  0   2  2  0  3  0  6/10   19:42   1:18   1:23 
Chris Langkow            0  0  0  -1  0   1  0  2  0  0  0/1     9:20   0:00   0:11 
Denver Manderson         0  0  0  -2  0   2  1  0  0  0  1/1    17:28   0:00   1:32 
Dmitrij Jaskin           0  0  0  -1  2   1  2  0  2  0  0/1    19:35   0:56   1:00 
Garnet Exelby            0  0  0  -4  2   1  0  1  0  2  0/0    24:06   1:01   0:58 
Garrett Wilson           1  0  1  -2  0   1  1  1  0  0  0/0    17:23   1:18   0:00 
Greg Zanon               0  0  0  -2  0   1  0  0  1  3  0/0    19:54   1:46   1:50 
Harri Pesonen            0  0  0  -2  0   1  2  0  1  0  0/2    15:36   1:29   0:25 
Jerome Gauthier-Leduc    0  0  0  -2  0   1  1  0  0  3  0/0    18:46   0:00   0:00 
Jonathan Hazen           0  0  0  -2  0   0  0  0  0  0  0/0    15:21   0:00   0:00 
Josh Lunden              0  0  0  -1  0   1  0  1  0  0  1/1     9:31   0:00   0:46 
Keegan Lowe              0  0  0  -1  0   0  0  0  0  0  0/0    16:55   0:00   1:10 
Mark Van Guilder         0  0  0  -3  0   2  0  1  2  0  1/6    16:43   0:33   0:00 
Martin Gernat            0  0  0  -2  0   2  0  1  0  1  0/0    19:54   1:46   1:50 
Randy Jones              0  0  0  -3  5   4  0  1  1  0  0/0    21:19   1:01   2:08 
Zack FitzGerald          0  0  0   0  0   0  0  0  0  0  0/0     0:00   0:00   0:00 
Zack Stortini            0  0  0  -3  0   0  1  0  1  0  0/1    17:32   1:18   0:00 

3 Stars

1 - Tanner Pearson (RIH)
2 - Brandon Pirri (RIH)
3 - J.T. Miller (RIH)

Power Play

Ice Hogs - 0 on 2 Attempt(s) - 0.00%
Phantoms - 1 on 2 Attempt(s) - 50.00%

Penalty Kill

Ice Hogs - 1 on 2 Attempt(s) - 50.00% - Score 0 goal in Penalty Kill
Phantoms - 2 on 2 Attempt(s) - 100.00% - Score 0 goal in Penalty Kill

Team Stat

Ice Hogs - Hits : 26 - Faceoff Wins : 18 - Blocked Shots : 6 - Penalty Minutes : 9
Phantoms - Hits : 10 - Faceoff Wins : 19 - Blocked Shots : 8 - Penalty Minutes : 9

Official

Referees : Unknown
Linesman : Unknown

Game Notes

Randy Jones and Zach Redmond fight to a draw at 0:09 of 3rd period
Marek Mazanec enters game at 0:45 of 3rd period
Tanner Pearson has scored a Hat Trick!

Finance

Level 1 -- Attendance: 1592 (79.60%) -- Ticket Income $35,024
Level 2 -- Attendance: 758 (75.80%) -- Ticket Income $6,064
Total Attendance: 2350 (78.33%)
Total Ticket Income: $41,088
Other Income: $20,133
Total Income: $61,221

Ice Hogs

5 vs 5 Forward 
   Center                   Left Wing                Right Wing               Time % Phy DF OF 
 1 Brandon Pirri            Tanner Pearson           J.T. Miller              30     0   2  3  
 2 Derek Roy                Dustin Jeffrey           Casey Wellman            25     0   2  3  
 3 Derek Roy                Roman Horak              Seth Griffith            25     1   2  2  
 4 Travis Morin             Michael Bournival        Roman Horak              20     1   2  2  

5 vs 5 Defense 
   Defense                  Defense                                           Time % Phy DF OF 
 1 Jason Garrison           Brandon Gormley                                   30     1   2  2  
 2 Zach Redmond             Jean-Philippe Cote                                30     1   2  2  
 3 Zach Redmond             Brandon Gormley                                   30     1   2  2  
 4 Jason Garrison           Jean-Philippe Cote                                10     1   2  2  

PowerPlay Forward 
   Center                   Left Wing                Right Wing               Time % Phy DF OF 
 1 Brandon Pirri            Tanner Pearson           J.T. Miller              50     0   1  4  
 2 Travis Morin             Derek Roy                Casey Wellman            50     0   1  4  

PowerPlay Defense
   Defense                  Defense                                           Time % Phy DF OF 
 1 Jason Garrison           Jean-Philippe Cote                                50     0   1  4  
 2 Zach Redmond             Brandon Gormley                                   50     0   1  4  

Penalty Kill 4 Players Forward 
   Center                   Wing                     Time % Phy DF OF 
 1 Derek Roy                Roman Horak              50     1   3  1  
 2 Travis Morin             Seth Griffith            50     1   3  1  

Penalty Kill 4 Players Defense
   Defense                  Defense                  Time % Phy DF OF 
 1 Jason Garrison           Brandon Gormley          50     1   4  0  
 2 Zach Redmond             Jean-Philippe Cote       50     1   4  0  

Penalty Kill - 3 Players Forward 
   Forward                                           Time % Phy DF OF 
 1 Derek Roy                                         50     1   4  0  
 2 Travis Morin                                      50     1   4  0  

Penalty Kill - 3 Players Defense
   Defense                  Defense                  Time % Phy DF OF 
 1 Jason Garrison           Brandon Gormley          50     1   4  0  
 2 Zach Redmond             Jean-Philippe Cote       50     1   4  0  

4 vs 4 Forward 
   Center                   Wing                     Time % Phy DF OF 
 1 Brandon Pirri            J.T. Miller              50     1   2  2  
 2 Derek Roy                Casey Wellman            50     1   2  2  

4 vs 4 Defense
   Defense                  Defense                  Time % Phy DF OF 
 1 Jason Garrison           Jean-Philippe Cote       50     1   2  2  
 2 Zach Redmond             Brandon Gormley          50     1   2  2  

Last Minutes Offensive
   Center                   Left Wing                Right Wing               Defense                  Defense                  
   Brandon Pirri            Derek Roy                J.T. Miller              Jason Garrison           Jean-Philippe Cote       

Last Minutes Defensive
   Center                   Left Wing                Right Wing               Defense                  Defense                  
   Derek Roy                Roman Horak              Seth Griffith            Jason Garrison           Jean-Philippe Cote       

Goaltenders
Starting : Scott Darling            
Backup : Rob Madore               

Extra Forwards
Normal : Travis Morin, Brandon Pirri, Seth Griffith - PP : Travis Morin, Seth Griffith - PK : Casey Wellman
Extra Defensemen
Normal : Jean-Philippe Cote, Brandon Gormley, Jason Garrison - PP : Zach Redmond - PK : Jason Garrison, Jean-Philippe Cote
Penalty Shots
Casey Wellman, Derek Roy, Travis Morin, Roman Horak, Brandon Pirri

Phantoms

5 vs 5 Forward 
   Center                   Left Wing                Right Wing               Time % Phy DF OF 
 1 Adam Lowry               Dmitrij Jaskin           Harri Pesonen            35     1   2  2  
 2 Bryan Lerg               Garrett Wilson           Zack Stortini            30     1   2  2  
 3 Mark Van Guilder         Denver Manderson         Jonathan Hazen           22     1   2  2  
 4 Chris Langkow            Josh Lunden              Dmitrij Jaskin           13     1   2  2  

5 vs 5 Defense 
   Defense                  Defense                                           Time % Phy DF OF 
 1 Randy Jones              Garnet Exelby                                     35     1   2  2  
 2 Greg Zanon               Martin Gernat                                     30     1   2  2  
 3 Jerome Gauthier-Leduc    Keegan Lowe                                       22     1   2  2  
 4 Randy Jones              Garnet Exelby                                     13     1   2  2  

PowerPlay Forward 
   Center                   Left Wing                Right Wing               Time % Phy DF OF 
 1 Adam Lowry               Dmitrij Jaskin           Harri Pesonen            60     1   2  2  
 2 Bryan Lerg               Garrett Wilson           Zack Stortini            40     1   2  2  

PowerPlay Defense
   Defense                  Defense                                           Time % Phy DF OF 
 1 Randy Jones              Garnet Exelby                                     60     1   2  2  
 2 Greg Zanon               Martin Gernat                                     40     1   2  2  

Penalty Kill 4 Players Forward 
   Center                   Wing                     Time % Phy DF OF 
 1 Dmitrij Jaskin           Adam Lowry               60     1   2  2  
 2 Bryan Lerg               Harri Pesonen            40     1   2  2  

Penalty Kill 4 Players Defense
   Defense                  Defense                  Time % Phy DF OF 
 1 Randy Jones              Garnet Exelby            60     1   2  2  
 2 Greg Zanon               Martin Gernat            40     1   2  2  

Penalty Kill - 3 Players Forward 
   Forward                                           Time % Phy DF OF 
 1 Dmitrij Jaskin                                    60     1   2  2  
 2 Adam Lowry                                        40     1   2  2  

Penalty Kill - 3 Players Defense
   Defense                  Defense                  Time % Phy DF OF 
 1 Randy Jones              Garnet Exelby            60     1   2  2  
 2 Greg Zanon               Martin Gernat            40     1   2  2  

4 vs 4 Forward 
   Center                   Wing                     Time % Phy DF OF 
 1 Dmitrij Jaskin           Adam Lowry               60     1   2  2  
 2 Bryan Lerg               Harri Pesonen            40     1   2  2  

4 vs 4 Defense
   Defense                  Defense                  Time % Phy DF OF 
 1 Randy Jones              Garnet Exelby            60     1   2  2  
 2 Greg Zanon               Martin Gernat            40     1   2  2  

Last Minutes Offensive
   Center                   Left Wing                Right Wing               Defense                  Defense                  
   Adam Lowry               Dmitrij Jaskin           Harri Pesonen            Randy Jones              Garnet Exelby            

Last Minutes Defensive
   Center                   Left Wing                Right Wing               Defense                  Defense                  
   Adam Lowry               Dmitrij Jaskin           Harri Pesonen            Randy Jones              Garnet Exelby            

Goaltenders
Starting : Laurent Brossoit         
Backup : Marek Mazanec            

Extra Forwards
Normal : Mark Van Guilder, Chris Langkow, Denver Manderson - PP : Mark Van Guilder, Chris Langkow - PK : Denver Manderson
Extra Defensemen
Normal : Jerome Gauthier-Leduc, Keegan Lowe, Greg Zanon - PP : Jerome Gauthier-Leduc - PK : Keegan Lowe, Greg Zanon
Penalty Shots
Dmitrij Jaskin, Adam Lowry, Bryan Lerg, Harri Pesonen, Zack Stortini

% Time on Ice - Ice Hogs

Lines # - Real PCT - Wanted PCT - Time Play
Normal Forward
1 - 33% - 30% - 17:22
2 - 27% - 25% - 14:31
3 - 16% - 25% - 8:22
4 - 24% - 20% - 13:00
Normal Defense
1 - 30% - 30% - 15:56
2 - 30% - 30% - 15:45
3 - 29% - 30% - 15:11
4 - 12% - 10% - 6:23
PP Forward
1 - 46% - 50% - 1:49
2 - 54% - 50% - 2:09
PP Defense
1 - 48% - 50% - 1:54
2 - 52% - 50% - 2:04
PK Forward
1 - 27% - 50% - 0:45
2 - 73% - 50% - 2:02
PK Defense
1 - 19% - 50% - 0:32
2 - 81% - 50% - 2:15
PK3 Forward
1 - 0% - 50%
2 - 0% - 50%
PK3 Defense
1 - 0% - 50%
2 - 0% - 50%
44 Forward
1 - 0% - 50%
2 - 0% - 50%
44 Defense
1 - 0% - 50%
2 - 0% - 50%
Last Minute Offensive  - 0:00
Last Minute Defensive  - 0:00
Total
Forward - 60:00
Defense - 60:00

% Time on Ice - Phantoms

Lines # - Real PCT - Wanted PCT - Time Play
Normal Forward
1 - 25% - 35% - 13:22
2 - 32% - 30% - 17:01
3 - 29% - 22% - 15:21
4 - 14% - 13% - 7:31
Normal Defense
1 - 33% - 35% - 17:42
2 - 31% - 30% - 16:18
3 - 28% - 22% - 14:49
4 - 8% - 13% - 4:26
PP Forward
1 - 53% - 60% - 1:29
2 - 47% - 40% - 1:18
PP Defense
1 - 37% - 60% - 1:01
2 - 63% - 40% - 1:46
PK Forward
1 - 89% - 60% - 3:33
2 - 11% - 40% - 0:25
PK Defense
1 - 54% - 60% - 2:08
2 - 46% - 40% - 1:50
PK3 Forward
1 - 0% - 60%
2 - 0% - 40%
PK3 Defense
1 - 0% - 60%
2 - 0% - 40%
44 Forward
1 - 0% - 60%
2 - 0% - 40%
44 Defense
1 - 0% - 60%
2 - 0% - 40%
Last Minute Offensive  - 0:00
Last Minute Defensive  - 0:00
Total
Forward - 60:00
Defense - 60:00

Play by Play

1st period


0:01 of 1st period - Brandon Pirri wins face-off versus Adam Lowry in neutral zone.
0:27 of 1st period - Off-side.
0:28 of 1st period - Bryan Lerg wins face-off versus Derek Roy in neutral zone.
1:17 of 1st period - Greg Zanon is hit by Roman Horak and loses puck.
2:08 of 1st period - Snap shot by Tanner Pearson.
2:08 of 1st period - Shot Blocked by Chris Langkow.
2:10 of 1st period - Slapshot by Jean-Philippe Cote.
2:10 of 1st period - Stopped by Laurent Brossoit with a rebound.
2:12 of 1st period - Snap shot by Tanner Pearson.
2:12 of 1st period - Shot Blocked by Chris Langkow.
2:14 of 1st period - Slapshot by Jean-Philippe Cote.
2:14 of 1st period - Deflect By Greg Zanon.
2:14 of 1st period - Stopped by Laurent Brossoit with a rebound.
2:16 of 1st period - Slapshot by Jason Garrison.
2:16 of 1st period - Stopped by Laurent Brossoit with a rebound.
2:35 of 1st period - Zach Redmond is hit by Dmitrij Jaskin and loses puck.
2:48 of 1st period - Zach Redmond is hit by Harri Pesonen.
3:18 of 1st period - Off-side.
3:19 of 1st period - Bryan Lerg wins face-off versus Derek Roy in neutral zone.
4:21 of 1st period - Snap shot by J.T. Miller.
4:21 of 1st period - Stopped by Laurent Brossoit with a rebound.
4:23 of 1st period - Slapshot by Brandon Gormley.
4:23 of 1st period - Shot Blocked by Garrett Wilson.
4:31 of 1st period - Garnet Exelby is hit by Tanner Pearson and loses puck.
4:42 of 1st period - Randy Jones is hit by Casey Wellman and loses puck.
5:18 of 1st period - Snap shot by Mark Van Guilder.
5:18 of 1st period - Stopped by Scott Darling with a rebound.
6:04 of 1st period - Wrist shot by Roman Horak.
6:04 of 1st period - Deflect By Derek Roy.
6:04 of 1st period - Shot Misses the Net.
6:04 of 1st period - Puck is out of play.
6:05 of 1st period - Derek Roy wins face-off versus Adam Lowry in Phantoms zone.
6:24 of 1st period - Snap shot by Harri Pesonen.
6:24 of 1st period - Stopped by Scott Darling without a rebound.
6:25 of 1st period - Dustin Jeffrey wins face-off versus Adam Lowry in Ice Hogs zone.
6:43 of 1st period - Jason Garrison is hit by Harri Pesonen and loses puck.
7:04 of 1st period - Wrist shot by Brandon Pirri.
7:04 of 1st period - Shot Blocked by Josh Lunden.
7:10 of 1st period - Josh Lunden is hit by Jason Garrison and loses puck.
7:37 of 1st period - Wrist shot by Mark Van Guilder.
7:37 of 1st period - Stopped by Scott Darling without a rebound.
7:38 of 1st period - Travis Morin wins face-off versus Mark Van Guilder in Ice Hogs zone.
7:49 of 1st period - Slapshot by Travis Morin.
7:49 of 1st period - Stopped by Laurent Brossoit with a rebound.
8:10 of 1st period - Garnet Exelby is hit by J.T. Miller and loses puck.
8:47 of 1st period - Wrist shot by Michael Bournival.
8:47 of 1st period - Goal by Michael Bournival - Ice Hogs : 1 - Phantoms : 0.
8:48 of 1st period - Bryan Lerg wins face-off versus Travis Morin in neutral zone.
10:25 of 1st period - Wrist shot by Michael Bournival.
10:25 of 1st period - Deflect By Travis Morin.
10:25 of 1st period - Goal by Travis Morin - Ice Hogs : 2 - Phantoms : 0.
10:26 of 1st period - Adam Lowry wins face-off versus Brandon Pirri in neutral zone.
10:38 of 1st period - Slapshot by Garnet Exelby.
10:38 of 1st period - Shot Misses the Net.
10:54 of 1st period - Wrist shot by Adam Lowry.
10:54 of 1st period - Stopped by Scott Darling with a rebound.
10:56 of 1st period - Slapshot by Garnet Exelby.
10:56 of 1st period - Shot Blocked by Jason Garrison.
11:00 of 1st period - Snap shot by Adam Lowry.
11:00 of 1st period - Stopped by Scott Darling with a rebound.
11:11 of 1st period - Minor Penalty to Garnet Exelby for Tripping.
11:12 of 1st period - Travis Morin wins face-off versus Dmitrij Jaskin in Phantoms zone.
13:11 of 1st period - Penalty to Garnet Exelby is over, Garnet Exelby is back on ice.
13:17 of 1st period - Bryan Lerg is hit by Travis Morin and loses puck.
13:53 of 1st period - Snap shot by Roman Horak.
13:53 of 1st period - Stopped by Laurent Brossoit with a rebound.
13:55 of 1st period - Snap shot by Roman Horak.
13:55 of 1st period - Stopped by Laurent Brossoit with a rebound.
13:57 of 1st period - Slapshot by Brandon Gormley.
13:57 of 1st period - Shot Misses the Net.
14:17 of 1st period - Mark Van Guilder is hit by Zach Redmond and loses puck.
15:48 of 1st period - Snap shot by Casey Wellman.
15:48 of 1st period - Shot Misses the Net.
16:34 of 1st period - Wrist shot by Dmitrij Jaskin.
16:34 of 1st period - Shot Misses the Net.
17:02 of 1st period - Snap shot by Michael Bournival.
17:02 of 1st period - Stopped by Laurent Brossoit with a rebound.
17:11 of 1st period - Icing by Adam Lowry.
17:12 of 1st period - Brandon Pirri wins face-off versus Adam Lowry in Phantoms zone.
18:12 of 1st period - Snap shot by Jason Garrison.
18:12 of 1st period - Stopped by Laurent Brossoit with a rebound.
18:17 of 1st period - Wrist shot by Travis Morin.
18:17 of 1st period - Stopped by Laurent Brossoit with a rebound.
18:41 of 1st period - Slapshot by Jerome Gauthier-Leduc.
18:41 of 1st period - Stopped by Scott Darling with a rebound.
18:49 of 1st period - Wrist shot by Mark Van Guilder.
18:49 of 1st period - Shot Blocked by Brandon Pirri.
18:51 of 1st period - Slapshot by Denver Manderson.
18:51 of 1st period - Stopped by Scott Darling with a rebound.
19:07 of 1st period - Casey Wellman is hit by Dmitrij Jaskin and loses puck.
19:14 of 1st period - Snap shot by Dmitrij Jaskin.
19:14 of 1st period - Shot Blocked by Casey Wellman.
19:16 of 1st period - Wrist shot by Josh Lunden.
19:16 of 1st period - Stopped by Scott Darling without a rebound.
19:17 of 1st period - Seth Griffith wins face-off versus Chris Langkow in Ice Hogs zone.
Goals for this period are 2 for Ice Hogs vs 0 for Phantoms.
Shots for this period are 12 for Ice Hogs vs 8 for Phantoms.

2nd period


0:01 of 2nd period - Adam Lowry wins face-off versus Derek Roy in neutral zone.
0:04 of 2nd period - Slapshot by Randy Jones.
0:04 of 2nd period - Stopped by Scott Darling without a rebound.
0:05 of 2nd period - Adam Lowry wins face-off versus Derek Roy in Ice Hogs zone.
0:28 of 2nd period - Garnet Exelby is hit by Brandon Gormley and loses puck.
0:39 of 2nd period - Snap shot by Dmitrij Jaskin.
0:39 of 2nd period - Deflect By Adam Lowry.
0:39 of 2nd period - Stopped by Scott Darling with a rebound.
0:41 of 2nd period - Slapshot by Randy Jones.
0:41 of 2nd period - Stopped by Scott Darling with a rebound.
1:02 of 2nd period - Jason Garrison is hit by Garrett Wilson and loses puck.
1:09 of 2nd period - Snap shot by Zack Stortini.
1:09 of 2nd period - Shot Misses the Net.
1:39 of 2nd period - Snap shot by Brandon Pirri.
1:39 of 2nd period - Stopped by Laurent Brossoit without a rebound.
1:40 of 2nd period - Brandon Pirri wins face-off versus Mark Van Guilder in Phantoms zone.
2:36 of 2nd period - Adam Lowry is hit by Jason Garrison and loses puck.
2:43 of 2nd period - Wrist shot by Dmitrij Jaskin.
2:43 of 2nd period - Stopped by Scott Darling with a rebound.
2:45 of 2nd period - Wrist shot by Adam Lowry.
2:45 of 2nd period - Shot Blocked by Michael Bournival.
2:55 of 2nd period - Dmitrij Jaskin is hit by Travis Morin and loses puck.
4:25 of 2nd period - Randy Jones is hit by Brandon Gormley and loses puck.
5:50 of 2nd period - Icing by Zach Redmond.
5:51 of 2nd period - Seth Griffith wins face-off versus Bryan Lerg in Ice Hogs zone.
6:02 of 2nd period - Snap shot by Bryan Lerg.
6:02 of 2nd period - Shot Misses the Net.
8:10 of 2nd period - Slapshot by Garnet Exelby.
8:10 of 2nd period - Shot Misses the Net.
8:12 of 2nd period - Slapshot by Garnet Exelby.
8:12 of 2nd period - Deflect By Derek Roy.
8:12 of 2nd period - Stopped by Scott Darling with a rebound.
10:09 of 2nd period - Slapshot by Roman Horak.
10:09 of 2nd period - Goal by Roman Horak - Ice Hogs : 3 - Phantoms : 0.
10:10 of 2nd period - Adam Lowry wins face-off versus Derek Roy in neutral zone.
11:53 of 2nd period - Slapshot by Casey Wellman.
11:53 of 2nd period - Shot Misses the Net.
11:55 of 2nd period - Wrist shot by Casey Wellman.
11:55 of 2nd period - Stopped by Laurent Brossoit with a rebound.
11:57 of 2nd period - Slapshot by Jason Garrison.
11:57 of 2nd period - Shot Blocked by Garnet Exelby.
12:40 of 2nd period - Wrist shot by Tanner Pearson.
12:40 of 2nd period - Shot Hit the Post.
12:42 of 2nd period - Slapshot by Jean-Philippe Cote.
12:42 of 2nd period - Shot Blocked by Mark Van Guilder.
13:05 of 2nd period - Snap shot by Bryan Lerg.
13:05 of 2nd period - Deflect By Casey Wellman.
13:05 of 2nd period - Stopped by Scott Darling without a rebound.
13:06 of 2nd period - Bryan Lerg wins face-off versus Derek Roy in Ice Hogs zone.
13:32 of 2nd period - Minor Penalty to Derek Roy for Hooking.
13:33 of 2nd period - Adam Lowry wins face-off versus Travis Morin in Ice Hogs zone.
13:46 of 2nd period - Slapshot by Martin Gernat.
13:46 of 2nd period - Stopped by Scott Darling with a rebound.
14:20 of 2nd period - Wrist shot by Garrett Wilson.
14:20 of 2nd period - Goal by Garrett Wilson - Ice Hogs : 3 - Phantoms : 1.
14:21 of 2nd period - Bryan Lerg wins face-off versus Brandon Pirri in neutral zone.
14:26 of 2nd period - Garrett Wilson is hit by Tanner Pearson and loses puck.
14:47 of 2nd period - Jerome Gauthier-Leduc is hit by J.T. Miller and loses puck.
16:15 of 2nd period - Snap shot by J.T. Miller.
16:15 of 2nd period - Stopped by Laurent Brossoit with a rebound.
16:24 of 2nd period - Icing by Jerome Gauthier-Leduc.
16:25 of 2nd period - Derek Roy wins face-off versus Mark Van Guilder in Phantoms zone.
16:51 of 2nd period - Minor Penalty to Dmitrij Jaskin for Roughing.
16:52 of 2nd period - Denver Manderson wins face-off versus Travis Morin in Phantoms zone.
17:49 of 2nd period - Slapshot by Bryan Lerg.
17:49 of 2nd period - Shot Misses the Net.
17:51 of 2nd period - Slapshot by Martin Gernat.
17:51 of 2nd period - Shot Misses the Net.
17:53 of 2nd period - Slapshot by Martin Gernat.
17:53 of 2nd period - Deflect By Adam Lowry.
17:53 of 2nd period - Stopped by Scott Darling with a rebound.
18:03 of 2nd period - Slapshot by Greg Zanon.
18:03 of 2nd period - Shot Misses the Net.
18:05 of 2nd period - Wrist shot by Bryan Lerg.
18:05 of 2nd period - Shot Misses the Net.
18:07 of 2nd period - Wrist shot by Adam Lowry.
18:07 of 2nd period - Stopped by Scott Darling with a rebound.
18:51 of 2nd period - Penalty to Dmitrij Jaskin is over, Dmitrij Jaskin is back on ice.
19:08 of 2nd period - Garnet Exelby is hit by Jean-Philippe Cote and loses puck.
Goals for this period are 1 for Ice Hogs vs 1 for Phantoms.
Shots for this period are 4 for Ice Hogs vs 10 for Phantoms.

3rd period


0:01 of 3rd period - Derek Roy wins face-off versus Harri Pesonen in neutral zone.
0:09 of 3rd period - Randy Jones and Zach Redmond fight to a draw.
0:09 of 3rd period - Penalty to Randy Jones for Fighting.
0:09 of 3rd period - Penalty to Zach Redmond for Fighting.
0:10 of 3rd period - Adam Lowry wins face-off versus Derek Roy in Phantoms zone.
0:10 of 3rd period - Adam Lowry is hit by Seth Griffith.
0:41 of 3rd period - Off-side.
0:42 of 3rd period - Brandon Pirri wins face-off versus Bryan Lerg in neutral zone.
0:45 of 3rd period - Wrist shot by Tanner Pearson.
0:45 of 3rd period - Goal by Tanner Pearson - Ice Hogs : 4 - Phantoms : 1.
0:45 of 3rd period - Marek Mazanec enters game.
0:46 of 3rd period - Derek Roy wins face-off versus Harri Pesonen in neutral zone.
1:10 of 3rd period - Jerome Gauthier-Leduc is hit by Roman Horak and loses puck.
1:44 of 3rd period - Brandon Gormley is hit by Bryan Lerg and loses puck.
1:49 of 3rd period - Wrist shot by Bryan Lerg.
1:49 of 3rd period - Shot Misses the Net.
1:51 of 3rd period - Snap shot by Bryan Lerg.
1:51 of 3rd period - Shot Misses the Net.
1:53 of 3rd period - Slapshot by Greg Zanon.
1:53 of 3rd period - Shot Misses the Net.
1:55 of 3rd period - Wrist shot by Bryan Lerg.
1:55 of 3rd period - Stopped by Scott Darling with a rebound.
1:57 of 3rd period - Slapshot by Martin Gernat.
1:57 of 3rd period - Deflect By Zack Stortini.
1:57 of 3rd period - Shot Misses the Net.
1:57 of 3rd period - Puck is out of play.
1:58 of 3rd period - Mark Van Guilder wins face-off versus Derek Roy in Ice Hogs zone.
2:07 of 3rd period - Snap shot by Mark Van Guilder.
2:07 of 3rd period - Deflect By Jason Garrison.
2:07 of 3rd period - Shot Misses the Net.
2:07 of 3rd period - Puck is out of play.
2:08 of 3rd period - Derek Roy wins face-off versus Mark Van Guilder in Ice Hogs zone.
2:19 of 3rd period - Snap shot by Mark Van Guilder.
2:19 of 3rd period - Shot Misses the Net.
2:21 of 3rd period - Snap shot by Jonathan Hazen.
2:21 of 3rd period - Shot Misses the Net.
2:34 of 3rd period - Off-side.
2:35 of 3rd period - Adam Lowry wins face-off versus Brandon Pirri in neutral zone.
3:00 of 3rd period - Snap shot by Tanner Pearson.
3:00 of 3rd period - Goal by Tanner Pearson - Ice Hogs : 5 - Phantoms : 1.
3:01 of 3rd period - Travis Morin wins face-off versus Bryan Lerg in neutral zone.
4:31 of 3rd period - Harri Pesonen is hit by Derek Roy and loses puck.
5:39 of 3rd period - Wrist shot by Denver Manderson.
5:39 of 3rd period - Shot Misses the Net.
5:45 of 3rd period - Snap shot by Randy Jones.
5:45 of 3rd period - Stopped by Scott Darling with a rebound.
5:47 of 3rd period - Slapshot by Denver Manderson.
5:47 of 3rd period - Stopped by Scott Darling with a rebound.
5:49 of 3rd period - Wrist shot by Denver Manderson.
5:49 of 3rd period - Shot Blocked by Michael Bournival.
6:07 of 3rd period - Travis Morin is hit by Jerome Gauthier-Leduc and loses puck.
6:54 of 3rd period - Mark Van Guilder is hit by J.T. Miller and loses puck.
7:44 of 3rd period - Wrist shot by Brandon Pirri.
7:44 of 3rd period - Shot Blocked by Randy Jones.
7:46 of 3rd period - Backhand shot by Tanner Pearson.
7:46 of 3rd period - Shot Misses the Net.
7:48 of 3rd period - Slapshot by Zach Redmond.
7:48 of 3rd period - Shot Misses the Net.
7:50 of 3rd period - Wrist shot by Tanner Pearson.
7:50 of 3rd period - Goal by Tanner Pearson - Ice Hogs : 6 - Phantoms : 1.
7:51 of 3rd period - Adam Lowry wins face-off versus Derek Roy in neutral zone.
7:54 of 3rd period - Wrist shot by Harri Pesonen.
7:54 of 3rd period - Shot Misses the Net.
8:29 of 3rd period - Snap shot by Chris Langkow.
8:29 of 3rd period - Stopped by Scott Darling without a rebound.
8:30 of 3rd period - Josh Lunden wins face-off versus Brandon Pirri in Ice Hogs zone.
9:12 of 3rd period - Slapshot by Jason Garrison.
9:12 of 3rd period - Stopped by Marek Mazanec with a rebound.
9:42 of 3rd period - Minor Penalty to Travis Morin for Holding.
9:43 of 3rd period - Casey Wellman wins face-off versus Bryan Lerg in Ice Hogs zone.
9:53 of 3rd period - Slapshot by Casey Wellman.
9:53 of 3rd period - Stopped by Marek Mazanec with a rebound.
10:11 of 3rd period - Snap shot by Bryan Lerg.
10:11 of 3rd period - Shot Blocked by Seth Griffith.
10:13 of 3rd period - Slapshot by Martin Gernat.
10:13 of 3rd period - Stopped by Scott Darling with a rebound.
10:31 of 3rd period - Slapshot by Greg Zanon.
10:31 of 3rd period - Stopped by Scott Darling without a rebound.
10:32 of 3rd period - Adam Lowry wins face-off versus Derek Roy in Ice Hogs zone.
10:33 of 3rd period - Snap shot by Randy Jones.
10:33 of 3rd period - Stopped by Scott Darling with a rebound.
10:35 of 3rd period - Snap shot by Dmitrij Jaskin.
10:35 of 3rd period - Shot Misses the Net.
10:37 of 3rd period - Snap shot by Adam Lowry.
10:37 of 3rd period - Stopped by Scott Darling with a rebound.
10:39 of 3rd period - Snap shot by Adam Lowry.
10:39 of 3rd period - Deflect By Derek Roy.
10:39 of 3rd period - Stopped by Scott Darling with a rebound.
10:55 of 3rd period - Garnet Exelby is hit by Jason Garrison and loses puck.
11:02 of 3rd period - Randy Jones is hit by Seth Griffith and loses puck.
11:27 of 3rd period - Randy Jones is hit by Seth Griffith and loses puck.
11:42 of 3rd period - Penalty to Travis Morin is over, Travis Morin is back on ice.
11:44 of 3rd period - Roman Horak is hit by Zack Stortini and loses puck.
12:05 of 3rd period - Off-side.
12:06 of 3rd period - Brandon Pirri wins face-off versus Mark Van Guilder in neutral zone.
12:27 of 3rd period - Snap shot by Brandon Pirri.
12:27 of 3rd period - Deflect By J.T. Miller.
12:27 of 3rd period - Goal by J.T. Miller - Ice Hogs : 7 - Phantoms : 1.
12:28 of 3rd period - Derek Roy wins face-off versus Zack Stortini in neutral zone.
12:46 of 3rd period - Slapshot by Bryan Lerg.
12:46 of 3rd period - Deflect By Zack Stortini.
12:46 of 3rd period - Shot Misses the Net.
12:46 of 3rd period - Puck is out of play.
12:47 of 3rd period - Bryan Lerg wins face-off versus Derek Roy in Ice Hogs zone.
12:50 of 3rd period - Slapshot by Bryan Lerg.
12:50 of 3rd period - Shot Misses the Net.
13:34 of 3rd period - Garnet Exelby is hit by J.T. Miller and loses puck.
13:55 of 3rd period - Harri Pesonen is hit by Zach Redmond and loses puck.
14:16 of 3rd period - Travis Morin is hit by Denver Manderson and loses puck.
15:08 of 3rd period - Seth Griffith is hit by Bryan Lerg.
15:33 of 3rd period - Snap shot by Brandon Pirri.
15:33 of 3rd period - Shot Misses the Net.
15:39 of 3rd period - Jerome Gauthier-Leduc is hit by Brandon Pirri and loses puck.
17:41 of 3rd period - Wrist shot by J.T. Miller.
17:41 of 3rd period - Shot Blocked by Martin Gernat.
17:57 of 3rd period - Randy Jones is hit by Roman Horak and loses puck.
18:25 of 3rd period - Chris Langkow is hit by Tanner Pearson.
18:38 of 3rd period - Icing by Travis Morin.
18:39 of 3rd period - Adam Lowry wins face-off versus Travis Morin in Ice Hogs zone.
18:44 of 3rd period - Snap shot by Adam Lowry.
18:44 of 3rd period - Shot Misses the Net.
Goals for this period are 4 for Ice Hogs vs 0 for Phantoms.
Shots for this period are 6 for Ice Hogs vs 9 for Phantoms.


Output by the SimonT Hockey Simulator (STHS) for Eric Dolegowski -- Original Page W3C XHTML 1.0 Valid
Hockey Simulator - Hockey Simulation - Hockey Manager